 Dungeon Crawl Stone Soup version 0.14-a0-2848-g1d0399b (webtiles) character file.

377 Junicave the Digger (level 5, -4/28 HPs)
             Began as a Gargoyle Earth Elementalist on Feb 27, 2014.
             Was an Initiate of Dithmenos.
             Slain by a mummy (13 damage)
             ... in an ossuary.
             The game lasted 00:46:08 (3340 turns).

Junicave the Digger (Gargoyle Earth Elementalist)   Turns: 3340, Time: 00:46:08

HP  -4/28        AC 10     Str 10      XL: 5   Next: 94%
MP   0/9         EV 10     Int 22      God: Dithmenos [......]
Gold 160         SH  0     Dex 10      Spells:  2 memorised,  4 levels left

rFire  . . .     SeeInvis .     i - +1,+2 dagger (pain)
rCold  . . .     Clarity  .     t - +2 leather armour
rNeg   + . .     Conserve .     (no shield)
rPois  +         rCorr    .     (no helmet)
rElec  +         rRot     +     (no cloak)
SustAb . .       Spirit   .     y - +0 pair of gloves
rMut   .         Warding  .     (no boots)
Saprov . . .     Stasis   +     x - cursed amulet of stasis
MR     .....                    C - +1 ring of intelligence
                                m - cursed -2 ring of strength

@: brilliant, not resistant to hostile enchantments, fairly stealthy
A: life protection 1, electricity resistance, unbreathing, petrification
resistance, AC +4
a: Renounce Religion


You were in an ossuary.
You worshipped Dithmenos.
Dithmenos was noncommittal.
You were full.

You visited 1 branch of the dungeon, and saw 4 of its levels.
You also visited: Ossuary.

You collected 160 gold pieces.

Inventory:

Hand weapons
 i - a +1,+2 dagger of pain (weapon)
Missiles
 r - 18 sling bullets of flame
 B - 4 needles of sleeping
Armour
 c - a +0 robe
 t - a +2 leather armour (worn)
 y - a +0 pair of gloves (worn)
Comestibles
 a - 4 bread rations
 b - a sausage
 f - a meat ration
 n - an apple
 s - a banana
Scrolls
 g - 9 scrolls of remove curse {unknown}
 h - 2 scrolls of magic mapping
 j - a scroll of enchant weapon I {unknown}
 o - a scroll of curse jewellery {unknown}
 p - a scroll of teleportation {unknown}
 v - 2 scrolls of identify {unknown}
 w - a scroll of curse armour {unknown}
Jewellery
 e - an uncursed ring of poison resistance {unknown}
 m - a cursed -2 ring of strength (left hand)
 x - a cursed amulet of stasis (around neck)
 C - a +1 ring of intelligence (right hand)
Potions
 l - a potion of lignification {unknown}
 u - a potion of curing
 z - a potion of invisibility {unknown}
 A - a potion of heal wounds {unknown}
Books
 d - a book of Geomancy

   Spells                             Type                      Level
   *Sandblast                         Earth                        1
   Stoneskin                          Transmutation/Earth          2
   Passwall                           Transmutation/Earth          3
   *Stone Arrow                       Conjuration/Earth            3
   Petrify                            Transmutation/Earth          4
   Lee's Rapid Deconstruction         Earth                        5


   Skills:
 - Level 1.5 Dodging
 * Level 3.6 Stealth
 - Level 2.0 Spellcasting
   Level 0.7 Transmutations
 * Level 7.1 Earth Magic


You had 4 spell levels left.
You knew the following spells:

 Your Spells              Type           Power        Failure   Level  Hunger
a - Sandblast             Erth           #####.       1%          1    #......
b - Stone Arrow           Conj/Erth      ####..       1%          3    ###....


Dungeon Overview and Level Annotations

Branches:
Dungeon (4/16)
 Temple: D:4-7

Altars:
Cheibriados
Dithmenos
Trog
Vehumet


Innate Abilities, Weirdness & Mutations

You are resistant to torment.
You are immune to poison.
Your stone body is very resilient (AC +4).
You resist negative energy.
You are resistant to electric shocks.
You can survive without breathing.
You are immune to petrification.


Message History

Casting: Sandblast
Confirm with . or Enter, or press ? or * to list all spells.
You don't have enough magic to cast that spell.
You hit the mummy.
The mummy is severely damaged.
You hit the mummy but do no damage.
The mummy is severely damaged.
As you read the scroll labeled NASKORR FAJE, it crumbles to dust.
You feel aware of your surroundings.
It was a scroll of magic mapping.
The mummy hits you but does no damage.
As you read the scroll labeled PLAHERHYSU, it crumbles to dust.
Use on which item? (\ to view known items) (? for menu, Esc to quit)
Nothing appears to happen.
Casting: Sandblast
Confirm with . or Enter, or press ? or * to list all spells.
You don't have enough magic to cast that spell.
You hit the mummy.
The mummy is almost destroyed.
The mummy hits you!
You die...

*,+.## ##.....## **,
*#..###.......##* ,
*,+...#.........#. ,
**#...M....⌠....'.,,
*,+M..#.........#,,,
###Mz###.......##*,,
#.ZM## ##.....## **,
**#M# ###'### *,
*#@#* #.# **, #...#
##.## *,, #...#
#.∩.# *,, #####
#.∩.# *** #####


You could see 4 mummies, a centaur zombie and a human zombie.

Vanquished Creatures
  A hound (D:4)
  A worker ant (D:4)
  An orc wizard (D:4)
  A mummy (Ossuary)
  An adder (D:3)
  2 giant mites (D:2)
  An inept feature mimic (D:2)
  A worm (D:2)
  An orc skeleton (D:4)
  A giant eyeball (D:4)
  A giant gecko (D:1)
  5 orcs (D:4)
  8 bats
  3 giant cockroaches
  8 goblins
  15 hobgoblins
  2 jackals (D:1)
  2 kobolds
  5 giant newts
  3 quokkas
  9 rats
72 creatures vanquished.

Notes
Turn   | Place    | Note
--------------------------------------------------------------
     0 | D:1      | Junicave, the Gargoyle Earth Elementalist, began the quest for the Orb.
     0 | D:1      | Reached XP level 1. HP: 10/10 MP: 3/3
    66 | D:1      | Reached skill level 4 in Earth Magic
   258 | D:1      | Reached XP level 2. HP: 13/15 MP: 4/4
   878 | D:1      | Reached XP level 3. HP: 19/19 MP: 6/6
  1008 | D:1      | Reached skill level 5 in Earth Magic
  1296 | D:2      | Learned a level 3 spell: Stone Arrow
  1728 | D:2      | Reached XP level 4. HP: 24/24 MP: 0/7
  1970 | D:2      | Reached skill level 6 in Earth Magic
  2040 | D:2      | Found a radiant altar of Vehumet.
  2040 | D:2      | Found a bloodstained altar of Trog.
  2231 | D:3      | Found a shadowy altar of Dithmenos.
  2239 | D:3      | Became a worshipper of Dithmenos
  2280 | D:3      | Found a snail-covered altar of Cheibriados.
  2862 | D:4      | Reached XP level 5. HP: 22/28 MP: 0/9
  3148 | D:4      | Reached skill level 7 in Earth Magic
  3261 | D:4      | Found a sand-covered staircase.
  3273 | Ossuary  | Entered an ossuary
  3340 | Ossuary  | Slain by a mummy

Action                   |  1- 3 |  4- 6 || total
-------------------------+-------+-------++-------
Melee: Unarmed           |    46 |       ||    46
       Dagger            |    95 |    69 ||   164
 Cast: Sandblast         |    46 |    69 ||   115
       Stone Arrow       |     4 |     5 ||     9
  Use: Scroll            |       |     2 ||     2
       Potion            |       |     1 ||     1
